 Dungeon Crawl Stone Soup version 0.29.0-4-gdea44cf6ec (webtiles) character file.

Game seed: 6800788273367058211

59 qw the Chopper (level 4, -2/26 HPs)
             Began as a Tengu Warper on Aug 28, 2022.
             Slain by Terence
             ... wielding a +0 morningstar
              (7 damage)
             ... on level 3 of the Dungeon.
             The game lasted 00:00:11 (2573 turns).

qw the Chopper (Tengu Warper)                       Turns: 2573, Time: 00:00:11

Health: -2/26      AC:  8    Str: 14    XL:     4   Next: 3%
Magic:  8/8        EV:  6    Int: 13    God:
Gold:   99         SH:  0    Dex: 13    Spells: 7/7 levels left

rFire   . . .      SeeInvis .   Y - +0 broad axe
rCold   . . .      Faith    .   (no shield)
rNeg    . . .      Spirit   .   d - +0 chain mail
rPois   .          Reflect  .   (helmet restricted)
rElec   .          Harm     .   (no cloak)
rCorr   .          Rampage  .   (no gloves)
Will    .....                   (boots unavailable)
Stlth   ..........              (no amulet)
HPRegen 0.08/turn               (no ring)
MPRegen 0.11/turn               (no ring)

@: flying (expiring)
A: beak, talons 3
a: no special abilities


You were on level 3 of the Dungeon.
You visited 1 branch of the dungeon, and saw 3 of its levels.

You collected 99 gold pieces.


Innate Abilities, Weirdness & Mutations

You have a beak for a mouth.
You have claws for feet.


   Skills:
 - Level 2.0 Fighting
 + Level 4.6 Axes
 - Level 1.0 Throwing
 - Level 1.1 Armour
 - Level 2.1 Dodging
 - Level 2.0 Spellcasting
 - Level 2.4 Translocations


You had 7 spell levels left.
You didn't know any spells.
Your spell library contained the following spells:

 Spells                   Type           Power      Damage    Failure   Level
 Blink                    Tloc           14%        N/A       99%         2
 Gell's Gravitas          Tloc           7%         N/A       100%        3
 Lesser Beckoning         Tloc           7%         N/A       100%        3
 Teleport Other           Tloc           7%         N/A       100%        3
 Manifold Assault         Tloc           7%         N/A       100%        5

Inventory:

Hand Weapons
 e - a +0 mace
 Y - a +0 broad axe (weapon)
Armour
 d - a +0 chain mail (worn)
Scrolls
 g - a scroll of identify

Dungeon Overview and Level Annotations

Branches:
Dungeon (3/15)

Altars:

Annotations:
D:3 Terence


Message History

2547 ||| DRINKING 2 yellow potions.
It was a potion of attraction.
You feel attractive to monsters.
Partly explored, can't reach some items.
2548 ||| DROPPING potion of flight.
You drop a potion of flight.
You hear a splash.
Partly explored, can't reach some items.
2549 ||| DROPPING potion of attraction.
You drop a potion of attraction.
You hear a splash.
Partly explored, can't reach some items.
(D) Dungeon
Where to? (* - list waypoints, Enter - D:2, ? - help)
What level of the Dungeon? (default 1, ? - help)
You feel less attractive to monsters.
There is a stone staircase leading down here.
You fly downwards.
Terence shouts!
The goblin shouts!
Found a robe.
There is a stone staircase leading up here.
There are monsters nearby!
Existing waypoints: (1) D:2 (2) D:1 Assign waypoint to what number? (0-9, D - delete waypoint) Waypoint 2 re-assigned from D:1 to D:3.
You slash Terence!
Terence is heavily wounded.
You closely miss the goblin. Terence hits you with a +0 morningstar!
Ouch! That really hurt!
The goblin hits you with a +0 club.
You barely miss Terence. You claw Terence, but do no damage.
Terence is heavily wounded.
You miss the goblin.
You are starting to lose your buoyancy.
Terence hits you but does no damage. The goblin barely misses you.
You barely miss Terence.
Terence is heavily wounded.
You hit the goblin.
You kill the goblin!
Terence hits you with a +0 morningstar. Terence hits you with a +0 morningstar!
You die...

...# #..#
###..# .....
#...# #...#
#..)# #..@#
#[....@.....#
........#####.#
#####.### #. #.
#


You could see Terence.

Vanquished Creatures
  An ufetubus (D:2)
  4 worms (D:2)
  3 dart slugs
  4 ball pythons
  2 endoplasms (D:1)
  A giant cockroach (D:2)
  4 goblins
  2 hobgoblins (D:1)
  4 jackals (D:1)
  A quokka (D:2)
  2 bats
  3 frilled lizards
  3 kobolds (D:1)
  5 rats (D:1)
39 creatures vanquished.

Notes
Turn   | Place    | Note
-------+----------+-------------------------------------------
     0 | D:1      | qw the Tengu Warper began the quest for the Orb.
     0 | D:1      | Reached XP level 1. HP: 12/12 MP: 4/4
     0 | D:1      | 0 ||| qw: Version: 0.1-a-89-g26bdef1
     0 | D:1      | 0 ||| qw: Game counter: 1202
     0 | D:1      | 0 ||| qw: Always use a shield: true
     0 | D:1      | 0 ||| qw: God list: Okawaru
     0 | D:1      | 0 ||| qw: Allow faded altars: false
     0 | D:1      | 0 ||| qw: Do Orc after D:15 true
     0 | D:1      | 0 ||| qw: Do second Lair branch before Depths: true
     0 | D:1      | 0 ||| qw: Lair rune preference: random
     0 | D:1      | 0 ||| qw: Plans: Normal
     0 | D:1      | 0 ||| PLANNING D:1-11
   177 | D:1      | Reached XP level 2. HP: 13/17 MP: 6/6
   344 | D:1      | 344 ||| Stepping ~*~*~tactically~*~*~ (stealth).
   346 | D:1      | 346 ||| Stepping ~*~*~tactically~*~*~ (stealth).
   348 | D:1      | Reached skill level 3 in Axes
   356 | D:1      | 356 ||| Stepping ~*~*~tactically~*~*~ (stealth).
   358 | D:1      | 358 ||| Stepping ~*~*~tactically~*~*~ (stealth).
   360 | D:1      | 360 ||| Stepping ~*~*~tactically~*~*~ (stealth).
   526 | D:1      | 526 ||| Stepping ~*~*~tactically~*~*~ (stealth).
   528 | D:1      | 528 ||| Stepping ~*~*~tactically~*~*~ (stealth).
   762 | D:1      | 762 ||| Stepping ~*~*~tactically~*~*~ (stealth).
   766 | D:1      | 766 ||| Stepping ~*~*~tactically~*~*~ (stealth).
   767 | D:1      | 767 ||| Stepping ~*~*~tactically~*~*~ (stealth).
   768 | D:1      | 768 ||| Stepping ~*~*~tactically~*~*~ (stealth).
   769 | D:1      | 769 ||| Stepping ~*~*~tactically~*~*~ (stealth).
   789 | D:1      | Reached XP level 3. HP: 20/21 MP: 7/7
   991 | D:1      | 991 ||| UPGRADING to +0 chain mail.
  1001 | D:1      | 1001 ||| DROPPING +0 leather armour.
  1002 | D:1      | 1002 ||| READING scroll labelled VEOFRY ONTUCOD.
  1003 | D:1      | 1003 ||| READING scroll labelled RUVUYR SODAOCE.
  1004 | D:1      | 1004 ||| READING scroll labelled VIUTWE AJIKA.
  1105 | D:1      | 1105 ||| DROPPING scroll of blinking.
  1179 | D:2      | Reached skill level 4 in Axes
  1957 | D:2      | 1957 ||| Stepping ~*~*~tactically~*~*~ (hiding).
  1958 | D:2      | 1958 ||| SWAPPING to +0 broad axe.
  1966 | D:2      | Reached XP level 4. HP: 26/26 MP: 8/8
  2066 | D:2      | 2066 ||| DROPPING +0 vorpal hand axe.
  2263 | D:2      | 2263 ||| Stepping ~*~*~tactically~*~*~ (cloud).
  2450 | D:2      | Found a faded altar of an unknown god.
  2545 | D:2      | 2545 ||| READING scroll labelled LUBLIJOABB.
  2546 | D:2      | 2546 ||| DRINKING 2 glowing silvery potions.
  2547 | D:2      | 2547 ||| DRINKING 2 yellow potions.
  2548 | D:2      | 2548 ||| DROPPING potion of flight.
  2549 | D:2      | 2549 ||| DROPPING potion of attraction.
  2569 | D:3      | Noticed Terence
  2573 | D:3      | HP: 5/26 [Terence/+0 morningstar (6)]
  2573 | D:3      | Slain by Terence

Levels and vault maps discovered:
D:1:      dpeg_arrival_tiny_a, layout_loops_ring
D:2:      layout_basic, nicolae_ecumenical_lake_church, lemuel_old_faithful
D:3:      layout_loops_ring, uniq_terence

Skill      XL: |  1  2  3 |
---------------+----------+-----
Axes           | 3 4 |  4.6
Fighting       | |  2.0
Throwing       | |  1.0
Armour         | |  1.1
Dodging        | |  2.1
Spellcasting   | |  2.0
Translocations | |  2.4

Action                   |  1- 3 |  4- 6 || total
-------------------------+-------+-------++-------
Melee: Hand axe          |   107 |       ||   107
       Kick              |    27 |     1 ||    28
       Peck              |    19 |       ||    19
       Punch             |     2 |       ||     2
       Broad axe         |     1 |     3 ||     4
Throw: Boomerang         |     7 |       ||     7
  Use: Scroll            |     3 |     1 ||     4
       Potion            |       |     2 ||     2
 Stab: Distracted        |     1 |       ||     1
Armor: Leather armour    |    14 |       ||    14
       Chain mail        |    13 |     1 ||    14
Dodge: Dodged            |    43 |     1 ||    44

Table legend:
 A = Non-vault XP
 B = Vault XP
 C = Vault XP percentage of total XP
 D = Non-vault monster count
 E = Vault monster count
 F = Vault count percentage of total count
                 A         B        C        D         E       F
            +---------+---------+-------+---------+---------+-------
      Total |      87 |       0 |   0.0 |      39 |       0 |   0.0
            +---------+---------+-------+---------+---------+-------
        D:1 |      40 |       0 |   0.0 |      24 |       0 |   0.0
        D:2 |      45 |       0 |   0.0 |      14 |       0 |   0.0
        D:3 |       2 |       0 |   0.0 |       1 |       0 |   0.0
            +---------+---------+-------+---------+---------+-------
